 Dungeon Crawl Stone Soup version 0.31-a0-1467-g53b6572822 (webtiles) character file.

Game seed: 431748382951187787

3043 shadizar the Basher (level 9, 0/74 HPs)
             Began as a Gnoll Cinder Acolyte on Dec 28, 2023.
             Was an Initiate of Ignis.
             Slain by a wraith (8 damage)
             ... on level 8 of the Dungeon.
             The game lasted 00:17:23 (7746 turns).

shadizar the Basher (Gnoll Cinder Acolyte)          Turns: 7746, Time: 00:17:23

Health: 0/74       AC: 13    Str: 19    XL:     9   Next: 86%
Magic:  17/17      EV: 14    Int: 13    God:    Ignis [......]
Gold:   367        SH:  0    Dex:  7    Spells: 19/19 levels left

rFire   + . .        q - +5 dagger (drain)
rCold   + . .        (no shield)
rNeg    . . .        z - +0 chain mail
rPois   .            B - +1 helmet
rElec   .            r - scarf {repulsion}
rCorr   .            s - +0 pair of gloves
SInv    .            (no boots)
Will    .....        d - amulet of magic regeneration Stlth
                     j - +5 ring of evasion
HPRegen 0.32/turn    o - ring of protection from cold
MPRegen 0.55/turn

%: repel missiles
@: slowed, very slow
A: fangs 1, strong nose, distributed training
a: Renounce Religion


You were on level 8 of the Dungeon.
You worshipped Ignis.
Ignis was noncommittal.
You visited 2 branches of the dungeon, and saw 10 of its levels.

You collected 367 gold pieces.

Inventory:

Hand Weapons
 a - a -1 mace of flaming
 q - a +5 dagger of draining (weapon)
 w - a +0 whip of electrocution
 x - a +2 flail of draining
Missiles
 i - 2 throwing nets
Armour
 k - a +2 robe of willpower
 r - a scarf of repulsion (worn)
 s - a +0 pair of gloves (worn)
 z - a +0 chain mail (worn)
 B - a +1 helmet (worn)
 D - +0 steam dragon scales
 E - an orb of guile
Jewellery
 d - an amulet of magic regeneration (around neck)
 g - an amulet of regeneration
 h - a ring of flight
 j - a +5 ring of evasion (left hand)
 o - a ring of protection from cold (right hand)
 p - an amulet of magic regeneration
Talismans
 n - a dragon-blood talisman
 u - a blade talisman
Wands
 l - a wand of mindburst (25)
 v - a wand of paralysis (18)
 y - a wand of digging (8)
Scrolls
 b - a scroll of enchant armour
 c - 2 scrolls of identify
 e - 2 scrolls of blinking
 f - a scroll of revelation
Potions
 m - 2 potions of brilliance
 t - a potion of magic
 C - 2 potions of cancellation
 H - 2 potions of resistance


   Skills:
 + Level 8.2 Fighting
 + Level 4.8 Short Blades
 + Level 4.8 Long Blades
 + Level 4.8 Axes
 + Level 8.2 Maces & Flails
 + Level 4.8 Polearms
 + Level 4.8 Staves
 + Level 4.8 Ranged Weapons
 + Level 4.8 Throwing
 + Level 4.8 Armour
 + Level 4.8 Dodging
 + Level 4.8 Stealth
 + Level 4.8 Shields
 + Level 4.8 Unarmed Combat
 + Level 5.6 Spellcasting
 + Level 4.0 Conjurations
 + Level 4.0 Hexes
 + Level 4.0 Summonings
 + Level 4.0 Necromancy
 + Level 4.0 Translocations
 + Level 6.8 Fire Magic
 + Level 4.0 Ice Magic
 + Level 4.0 Air Magic
 + Level 4.0 Earth Magic
 + Level 4.0 Alchemy
 + Level 5.3 Invocations
 + Level 4.8 Evocations
 + Level 4.4 Shapeshifting


You had 19 spell levels left.
You didn't know any spells.
Your spell library contained the following spells:

 Spells                   Type           Power      Damage    Failure   Level
 Scorch                   Fire           42%        2d6       12%         2
 Foxfire                  Conj/Fire      68%        2x1d7     14%         1
 Sting                    Conj/Alch      56%        1d6       26%         1
 Mercury Vapours          Alch/Air       28%        N/A       36%         2
 Volatile Blastmotes      Fire/Tloc      34%        2d12      41%         3
 Dazzling Flash           Conj/Hex       28%        N/A       61%         3
 Olgreb's Toxic Radiance  Alch           14%        N/A       95%         4
 Plasma Beam              Fire/Air       8%         2x1d19    100%        6
 Starburst                Conj/Fire      8%         6d4       100%        6
 Maxwell's Capacitive Co  Air            7%         ∞         100%        8


Dungeon Overview and Level Annotations

Branches:
Dungeon (9/15)             Temple (1/1) D:4
   Lair: D:8-11         Orc: D:9-12

Altars:
Ashenzari
Cheibriados
Dithmenos
Elyvilon
Fedhas
Hepliaklqana
Makhleb
Nemelex Xobeh
Okawaru
Qazlal
Ru
Sif Muna
Trog
Uskayaw
Vehumet
Wu Jian
Xom
Yredelemnul
Zin
The Shining One

Shops:
D:2 [   D:5 *

Annotations:
D:1 1 transporter
D:6 3 runed translucent doors, phunky83's ghost, novice TrBr
Temple 2 transporters


Innate Abilities, Weirdness & Mutations

You have very sharp teeth.
Your uncanny sense of smell can sniff out nearby items.
Your experience applies equally to all skills.


Message History

The wraith closely misses you. x2
You barely miss the wraith.
The wraith is heavily damaged.
The wraith barely misses you.
You closely miss the wraith. Your bite misses the wraith.
The wraith is heavily damaged.
The wraith completely misses you.
You hit the wraith.
The wraith is heavily damaged.
The wraith hits you. The wraith drains your vigour!
You feel as though you will be slow longer.
You hit the wraith but do no damage.
The wraith is heavily damaged.
The wraith barely misses you.
You barely miss the wraith. Your bite misses the wraith.
The wraith is heavily damaged.
The wraith hits you but does no damage.
You hit the wraith.
The wraith is heavily damaged.
The wraith hits you!
* * * LOW HITPOINT WARNING * * *
The wraith hits you but does no damage.
You barely miss the wraith.
The wraith is heavily damaged.
The wraith misses you.
Okay, then.
The wraith hits you.
* * * LOW HITPOINT WARNING * * *
The wraith drains your vigour!
You feel as though you will be slow longer.
The wraith barely misses you. The wraith hits you but does no damage.
The wraith hits you but does no damage. The wraith hits you but does no damage.
The wraith attacks as it pursues you! The wraith hits you!
* * * LOW HITPOINT WARNING * * *
The wraith attacks as it pursues you! The wraith hits you but does no damage.
The wraith barely misses you. The wraith hits you!
You die...

# # ##. .##
###.#######.# #.##
..... ...#..# #..#
##.<.###<#..## ##..##
###.....##.....###....#
.............@W.....#.#
#.#......#....##.##...#
.................###.##
###......##### #.#
#.##.### #.# ##. >
#.##.# #.# >... # ##^#
#.##.# #.# ..... # #..
#.##.# #.##...... # #.#
#.##.# #.........


You could see a wraith.

Vanquished Creatures
  Jeremiah (D:8)
  Grinder (D:4)
  Sigmund (D:4)
  Edmund (D:4)
  A steam dragon (D:6)
  An orc warrior (D:7)
  A black bear (D:5)
  A centaur (D:6)
  2 ogres (D:5)
  A phantom (D:4)
  2 kobold brigands
  A bullfrog (D:8)
  4 scorpions
  2 killer bees (D:9)
  A howler monkey (D:5)
  3 jellies (D:6)
  2 bombardier beetles
  3 orc priests
  A hound (D:6)
  A sleepcap (D:5)
  4 gnoll boudas
  Ijyb (D:4)
  Jessica (D:2)
  4 iguanas
  Natasha (thrice) (D:3)
  2 orc wizards (D:4)
  24 gnolls
  4 adders
  2 shadow imps
  4 worms
  2 dart slugs (D:3)
  27 orcs
  11 ball pythons
  4 bats
  3 endoplasms
  3 giant cockroaches
  4 goblins
  8 hobgoblins
  2 jackals (D:2)
  11 kobolds
  2 quokkas
  2 frilled lizards (D:3)
  3 rats
162 creatures vanquished.

Vanquished Creatures (others)
  A gnoll (D:6)
  69 foxfires
70 creatures vanquished.

Grand Total: 232 creatures vanquished

Notes
Turn   | Place    | Note
-------+----------+-------------------------------------------
     0 | D:1      | shadizar the Gnoll Cinder Acolyte began the quest for the
                  | Orb.
     0 | D:1      | Reached XP level 1. HP: 23/23 MP: 4/4
   102 | D:1      | HP: 1/23 [constriction (1)]
   105 | D:1      | Reached XP level 2. HP: 1/29 MP: 5/5
   956 | D:2      | Reached XP level 3. HP: 35/35 MP: 7/7
  1005 | D:2      | Noticed Jessica
  1219 | D:2      | Found Mutt's Antique Armour Shoppe.
  1234 | D:2      | Reached skill level 1 in Invocations
  1464 | D:2      | Killed Jessica
  1465 | D:2      | Reached skill level 1 in Short Blades
  1465 | D:2      | Reached skill level 1 in Long Blades
  1465 | D:2      | Reached skill level 1 in Axes
  1465 | D:2      | Reached skill level 1 in Polearms
  1465 | D:2      | Reached skill level 1 in Staves
  1465 | D:2      | Reached skill level 1 in Ranged Weapons
  1465 | D:2      | Reached skill level 1 in Throwing
  1465 | D:2      | Reached skill level 1 in Armour
  1465 | D:2      | Reached skill level 1 in Dodging
  1465 | D:2      | Reached skill level 1 in Stealth
  1465 | D:2      | Reached skill level 1 in Shields
  1465 | D:2      | Reached skill level 1 in Unarmed Combat
  1465 | D:2      | Reached skill level 1 in Evocations
  1465 | D:2      | Reached skill level 1 in Shapeshifting
  1465 | D:2      | Reached XP level 4. HP: 12/41 MP: 8/8
  1646 | D:2      | Found a blossoming altar of Fedhas.
  1928 | D:3      | Reached skill level 1 in Conjurations
  1928 | D:3      | Reached skill level 1 in Hexes
  1928 | D:3      | Reached skill level 1 in Summonings
  1928 | D:3      | Reached skill level 1 in Necromancy
  1928 | D:3      | Reached skill level 1 in Translocations
  1928 | D:3      | Reached skill level 1 in Ice Magic
  1928 | D:3      | Reached skill level 1 in Air Magic
  1928 | D:3      | Reached skill level 1 in Earth Magic
  1928 | D:3      | Reached skill level 1 in Alchemy
  1936 | D:3      | Noticed Natasha
  1953 | D:3      | Killed Natasha
  2031 | D:3      | Reached XP level 5. HP: 47/47 MP: 9/9
  2109 | D:3      | Noticed Natasha
  2144 | D:3      | Killed Natasha
  2258 | D:3      | Noticed Natasha
  2267 | D:3      | Killed Natasha
  2593 | D:4      | Reached XP level 6. HP: 53/53 MP: 11/11
  2645 | D:4      | Noticed Grinder
  2656 | D:4      | Killed Grinder
  2657 | D:4      | Reached XP level 7. HP: 24/60 MP: 12/12
  2842 | D:4      | Noticed Edmund
  2997 | D:4      | Noticed Sigmund
  3065 | D:4      | Killed Edmund
  3107 | D:4      | Found a staircase to the Ecumenical Temple.
  3114 | Temple   | Found a transporter.
  3114 | Temple   | Found a transporter.
  3114 | Temple   | Found a transporter.
  3114 | Temple   | Found a transporter.
  3114 | Temple   | Entered the Ecumenical Temple
  3222 | D:4      | HP: 3/60 [poisoned by a scorpion]
  3224 | D:3      | HP: 1/60 [poisoned by a scorpion]
  3455 | D:4      | Reached XP level 8. HP: 67/67 MP: 14/14
  3794 | D:4      | Noticed Ijyb
  3804 | D:4      | Killed Ijyb
  3872 | D:4      | Killed Sigmund
  4028 | D:5      | Entered Level 5 of the Dungeon
  4401 | D:5      | Found a sacrificial altar of Ru.
  5071 | D:5      | Found Zymow's Overcharged Wands.
  5360 | D:6      | Reached XP level 9. HP: 60/73 MP: 16/16
  5361 | D:6      | Reached skill level 5 in Spellcasting
  5665 | D:6      | Found a runed translucent gate.
  5666 | D:6      | Found a runed translucent gate.
  5792 | D:6      | Found a runed translucent gate.
  6101 | D:6      | Noticed phunky83's ghost (novice TrBr)
  7151 | D:8      | Noticed Jeremiah
  7178 | D:8      | Killed Jeremiah
  7179 | D:8      | Reached skill level 5 in Invocations
  7262 | D:8      | You fall into a shaft and drop 1 floor!
  7435 | D:9      | Noticed a two-headed ogre
  7746 | D:8      | Slain by a wraith

Illustrated notes

Levels and vault maps discovered:
D:1:      spicycebolla_arrival_risky_transporter, layout_basic,
          reono_crystal_passage
D:2:      layout_basic, basic_altar, serial_shops, shop, uniq_jessica
D:3:      layout_basic, uniq_natasha
D:4:      layout_basic, minmay_temple_entry_trees, gup_sewer_entry_bowl,
          nicolae_grassy_gnolls, uniq_grinder, uniq_edmund, uniq_ijyb,
          uniq_sigmund
D:5:      layout_basic, lemuel_crystal_altar, nicolae_shop_overcharged_wands
D:6:      layout_basic, ebering_ghost_rock_garden
D:7:      layout_gridville
D:8:      layout_loops_ring, nicolae_gozag_cash_rules_everything_around_me,
          mainiacjoe_overflow_six_doors_small, uniq_jeremiah
D:9:      minmay_the_grid_triangle_9x9_rhombus_thin_mashed
          [minmay_the_grid_triangle_9x9_subtriangle,
          minmay_the_grid_triangle_9x9_prize_insulated,
          minmay_the_grid_triangle_9x9_dagger,
          minmay_the_grid_triangle_9x9_zippers_vertical], layout_irregular_city,
          erik_lair_orcish_takeover
Temple:   hellmonk_temple_divided_pantheon

Skill      XL: |  1  2  3  4  5  6  7  8  9 |
---------------+----------------------------+-----
Invocations    | 1 2 3 4 5 |  5.3
Short Blades   | 1 2 3 4 |  4.8
Long Blades    | 1 2 3 4 |  4.8
Axes           | 1 2 3 4 |  4.8
Polearms       | 1 2 3 4 |  4.8
Staves         | 1 2 3 4 |  4.8
Ranged Weapons | 1 2 3 4 |  4.8
Throwing       | 1 2 3 4 |  4.8
Armour         | 1 2 3 4 |  4.8
Dodging        | 1 2 3 4 |  4.8
Stealth        | 1 2 3 4 |  4.8
Shields        | 1 2 3 4 |  4.8
Unarmed Combat | 1 2 3 4 |  4.8
Spellcasting   | 3 4 5 |  5.6
Evocations     | 1 2 3 4 |  4.8
Shapeshifting  | 1 2 3 4 |  4.4
Conjurations   | 1 2 3 4 |  4.0
Hexes          | 1 2 3 4 |  4.0
Summonings     | 1 2 3 4 |  4.0
Necromancy     | 1 2 3 4 |  4.0
Translocations | 1 2 3 4 |  4.0
Ice Magic      | 1 2 3 4 |  4.0
Air Magic      | 1 2 3 4 |  4.0
Earth Magic    | 1 2 3 4 |  4.0
Alchemy        | 1 2 3 4 |  4.0
Fighting       | 7 8 |  8.2
Maces & Flails | 7 8 |  8.2
Fire Magic     | 6 |  6.8

Action                     |  1- 3 |  4- 6 |  7- 9 || total
---------------------------+-------+-------+-------++-------
  Melee: Mace              |    68 |   146 |    27 ||   241
         Bite              |     4 |    13 |    51 ||    68
         Punch             |     1 |     4 |    16 ||    21
         Flail             |       |       |   163 ||   163
         Whip              |       |       |    14 ||    14
         Dagger            |       |       |   253 ||   253
 Invoke: Foxfire Swarm     |     3 |     1 |     4 ||     8
         Fiery Armour      |     1 |       |       ||     1
         Rising Flame      |     1 |       |       ||     1
  Evoke: Wand              |       |       |     3 ||     3
    Use: Scroll            |       |       |    22 ||    22
         Potion            |       |       |     5 ||     5
   Stab: Sleeping          |     1 |       |     1 ||     2
         Paralysed         |       |       |     8 ||     8
 Armour: Robe              |    23 |       |       ||    23
         Ring mail         |    19 |    53 |    60 ||   132
         Chain mail        |       |       |   266 ||   266
  Dodge: Dodged            |    42 |    83 |   395 ||   520
         Repelled          |       |       |     2 ||     2

Table legend: (Time is in decaauts)
 A = Elapsed time spent in this place.
 B = Non-inter-level travel time spent in this place.
 C = Inter-level travel time spent in this place.
 D = Time resting spent in this place.
 E = Time spent auto-exploring this place.
 F = Levels seen in this place.
 G = Mean time per level.
                   A        B        C        D        E       F      G
               +--------+--------+--------+--------+--------+-----+--------+
         Total |   7749 |   7547 |    202 |      0 |   5384 |  10 |  774.9 |
       Dungeon |   7748 |   7546 |    202 |      0 |   5384 |   9 |  860.9 |
        Temple |      1 |      1 |      0 |      0 |      0 |   1 |    1.0 |
               +--------+--------+--------+--------+--------+-----+--------+

Top non-repeatable levels by time:
     D:4: 1563 daAuts
     D:3: 1072 daAuts
     D:7: 961 daAuts
     D:5: 940 daAuts
     D:2: 927 daAuts
     D:1: 871 daAuts
     D:6: 824 daAuts
     D:8: 403 daAuts
     D:9: 183 daAuts
  Temple: 1 daAuts
